 Dungeon Crawl Stone Soup version 0.21-a0-94-gdd6ab6a (webtiles) character file.

344950 Gorice the Cloud Mage (level 22, -15/140 HPs)
             Began as a Tengu Air Elementalist on May 20, 2017.
             Was a High Priest of Sif Muna.
             Killed by the air
             ... invoked by a titan
              (50 damage)
             ... on level 4 of the Vaults on July 1, 2017.
             The game lasted 10:00:11 (83297 turns).

Gorice the Cloud Mage (Tengu Air Elementalist)     Turns: 83297, Time: 10:00:12

Health: -15/140    AC:  8    Str: 10    XL:     22   Next: 9%
Magic:  27/44      EV: 34    Int: 33    God:    Sif Muna [*****.]
Gold:   2909       SH:  8    Dex: 24    Spells: 15/56 levels left

rFire    + . .     SeeInvis .   a - +2 scimitar (flame)
rCold    + + +     Gourm    .   e - +2 buckler
rNeg     + . .     Faith    +   H - +2 robe {Archmagi}
rPois    .         Spirit   .   N - +0 hat of the Thunderstorm {rF+ rC+++ Str-3 Int+10}
rElec    +         Reflect  .   y - +1 cloak
rCorr    .         Harm     .   Q - +1 pair of gloves {Dex+3}
MR       +....                  (boots unavailable)
Stlth    +++++.....             L - amulet of faith {!P}
HPRegen  0.33/turn              k - ring "Raras" {rElec rC+ rN+ Stlth+}
MPRegen  0.29/turn              c - ring of Pessimism {Str+2 Dex+6 Stlth+}

@: flying quickly and evasively, divine energy, quick
A: beak, talons 3, able to fly 2
}: 2/15 runes: serpentine, barnacled
a: Stop Flying, Stop Divine Energy, Channel Magic, Forget Spell, Renounce
Religion


You were on level 4 of the Vaults.
You worshipped Sif Muna.
Sif Muna was extremely pleased with you.
You were very hungry.

You visited 7 branches of the dungeon, and saw 36 of its levels.
You also visited: Sewer, Bailey and Ice Cave.

You collected 4588 gold pieces.
You spent 1679 gold pieces at shops.

Inventory:

Hand Weapons
 a - a +2 scimitar of flaming (weapon)
   (You took it off Erica on level 2 of the Lair of Beasts)
 b - a +1 demon trident of electrocution
   (You took it off Mara on level 3 of the Vaults)
Missiles
 q - 11 poisoned javelins (quivered)
 Y - 15 throwing nets
Armour
 e - a +2 buckler (worn)
 y - a +1 cloak (worn)
 H - a +2 robe of the Archmagi (worn)
   (You took it off Sigmund on level 4 of the Dungeon)
 N - the +0 hat of the Thunderstorm (worn) {rF+ rC+++ Str-3 Int+10}
   (You found it on level 14 of the Dungeon)

   It affects your strength (-3).
   It affects your intelligence (+10).
   It protects you from fire.
   It renders you almost immune to cold.
 Q - a +1 pair of gloves of dexterity (worn)
   (You found it on level 14 of the Dungeon)
Jewellery
 c - the ring of Pessimism (right hand) {Str+2 Dex+6 Stlth+}
   (You found it on level 15 of the Dungeon)

   [ring of stealth]

   It affects your strength (+2).
   It affects your dexterity (+6).
   It makes you more stealthy.
 i - an uncursed ring of see invisible
 k - the ring "Raras" (left hand) {rElec rC+ rN+ Stlth+}
   (You bought it in a shop on level 2 of the Orcish Mines)

   [ring of stealth]

   It protects you from cold.
   It insulates you from electricity.
   It protects you from negative energy.
   It makes you more stealthy.
 p - the ring "Viawu" {rF+ rC+ rN+}
   (You bought it in a shop on level 2 of the Orcish Mines)

   [ring of positive energy]

   It protects you from fire.
   It protects you from cold.
   It protects you from negative energy.
 L - an amulet of faith (around neck) {!P}
Wands
 o - a wand of acid (2/15)
 w - a wand of paralysis (10/24)
 C - a wand of enslavement (10/24)
 D - a wand of disintegration (6/24)
 F - a wand of scattershot (6/9)
Scrolls
 h - a scroll of amnesia
 j - 2 scrolls of summoning {!r}
 n - 7 scrolls of teleportation {!r}
 s - 3 scrolls of magic mapping {!r}
 t - 12 scrolls of remove curse
 x - 3 scrolls of fear {!r}
 B - 2 scrolls of blinking
 G - 3 scrolls of identify
 K - 4 scrolls of fog
Potions
 l - 3 potions of cancellation {!q}
 m - 4 potions of heal wounds {!q}
 r - 6 potions of agility {!q}
 u - 6 potions of haste {!q}
 z - 3 potions of magic {!q}
 A - a potion of lignification {!q}
 I - 4 potions of brilliance {!q}
 P - 13 potions of curing
 R - 9 potions of might {!q}
 S - 2 potions of invisibility {!q}
 T - 2 potions of resistance {!q}
Books
 d - a book of Flames
 f - Sif Muna's Disquisition on Dusty Weightlessness
   (Sif Muna gifted it to you on level 4 of the Vaults)

   Spells                             Type                      Level
   a - Shock                          Conjuration/Air              1
   b - Stone Arrow                    Conjuration/Earth            3
   c - Lightning Bolt                 Conjuration/Air              5
   d - Lee's Rapid Deconstruction     Earth                        5
   e - Lehudib's Crystal Spear        Conjuration/Earth            8
 E - Sif Muna's Handbook of the Floating Mountains
   (Sif Muna gifted it to you on level 4 of the Vaults)

   Spells                             Type                      Level
   a - Poisonous Vapours              Poison/Air                   2
   b - Passwall                       Transmutation/Earth          2
   c - Chain Lightning                Conjuration/Air              8
   d - Tornado                        Air                          9
Miscellaneous
 V - a box of beasts
Comestibles
 g - 2 meat rations {!e}
 v - 15 royal jellies


   Skills:
 - Level 15.0 Fighting
 - Level 8.0 Long Blades
 - Level 16.0 Dodging
 - Level 2.0 Stealth
 - Level 4.0 Shields
 * Level 17.5 Spellcasting
 + Level 18.0 Conjurations
 - Level 22.0 Air Magic
 - Level 10.0 Invocations


You had 15 spell levels left.
You knew the following spells:

 Your Spells              Type           Power        Failure   Level  Hunger
a - Shock                 Conj/Air       ####         0%          1    None
b - Static Discharge      Conj/Air       ########     0%          3    None
c - Airstrike             Air            ########..   0%          4    None
d - Lightning Bolt        Conj/Air       ########..   0%          5    None
e - Summon Lightning Spi  Summ/Air       ########     1%          4    None
f - Conjure Flame         Conj/Fire      #######.     1%          3    None
g - Freezing Cloud        Conj/Ice/Air   ########..   1%          6    None
s - Sticky Flame          Conj/Fire      #######.     1%          4    None
M - Deflect Missiles      Chrm/Air       ########..   2%          6    None
R - Regeneration          Chrm/Necr      #####.....   4%          3    None
S - Swiftness             Chrm/Air       ########     1%          2    None


Dungeon Overview and Level Annotations

Branches:
Dungeon (15/15)            Temple (1/1) D:7            Lair (6/6) D:11
 Shoals (4/4) Lair:3        Snake (4/4) Lair:4        Slime (0/5) Lair:6
    Orc (2/2) D:9             Elf (0/3) Orc:2        Vaults (4/5) D:13
  Crypt (0/3) Vaults:2     Depths (0/5) D:15

Altars:
Ashenzari
Cheibriados
Dithmenos
Elyvilon
Fedhas
Gozag
Hepliaklqana
Kikubaaqudgha
Makhleb
Nemelex Xobeh
Okawaru
Qazlal
Ru
Sif Muna
Trog
Uskayaw
Vehumet
Wu Jian
Xom
Yredelemnul
Zin
The Shining One
Jiyva
Lugonu

Shops:
D:4 !   D:6 ?   Orc:1 }   Orc:2 [=(*

Annotations:
D:15 pUX - demons!
Lair:6 1 runed door


Innate Abilities, Weirdness & Mutations

You have a beak for a mouth.
You have claws for feet.
You can fly continuously.


Message History

You peck the titan.
The titan is heavily wounded.
The titan burns!
The titan completely misses you.
Unknown command.
You completely miss the titan.
The titan is heavily wounded.
The titan burns!
The titan gestures wildly while chanting.
The titan is healed somewhat.
You slash the titan! You burn the titan! You peck the titan, but do no damage.
The titan is heavily wounded.
The titan burns!
The titan gestures wildly while chanting.
The titan is healed somewhat.
Unknown command.
You hit the titan. You burn the titan. You claw the titan, but do no damage.
The titan is heavily wounded.
The titan burns!
The titan casts a spell at you. The bolt of lightning hits you! You resist.
Damage: 7 (max 23)
You hit the titan but do no damage. You claw the titan.
The titan is heavily wounded.
The titan burns!
The titan stops burning.
The titan hits you!!
* * * LOW HITPOINT WARNING * * *
Damage: 24 (max 24) Unknown command.
You hit the titan. You burn the titan. Your kick misses the titan.
You peck the titan, but do no damage.
The titan is severely wounded.
The titan completely misses you.
Casting: Sticky Flame
Confirm with . or Enter, or press ? or * to list all spells.
Aiming: Sticky Flame
Press: ? - help, Shift-Dir - straight line, f/p - titan
Aim: a titan (severely wounded)
You feel a surge of power!
The sticky flame hits the titan.
The titan is severely wounded.
The titan is covered in liquid flames!
The titan burns!
The titan hits you!
* * * LOW HITPOINT WARNING * * *
Damage: 17 (max 24) Unknown command.
Unknown command.
Unknown command.
Unknown command.
The titan burns!
The titan burns!
The titan stops burning.
You block the titan's attack.
The titan waves its arms in wide circles.
The air twists around and violently strikes you in flight!
You die...

##.###.###.###.##..#####..##.+...
#...#...#...##.#..###>###..#.#'##
.............'.#.###...###.#.#...
#...#...#...####.##.....##.######
##.###.###.## #..[..#.#.....##..#
#...#...#...# #..####)####..###.'
##.........## ####.......#### ###
##.#...#.###########+#########
####.####.....@.............# ###
#§§.C..)............#
#######§§.§##########.....#
...)..#§§§§# ......'.....#
..C.!.§§§§§# ......#.....###
).....#§...# ......#.....#..
#######....# ..... #.....#..
#....# ..... #.....).. #....#
.... #.....#..


You could see a titan.

Vanquished Creatures
  Mara (Vaults:3)
  Saint Roka (Vaults:3)
  Xtahua (Vaults:4)
  Jory (Vaults:3)
  A tentacled monstrosity (Vaults:4)
  Rupert (Snake:1)
  The ghost of asdu the Markshuman, an adept HuHu of Okawaru (Shoals:3)
  Asterion (Vaults:1)
  A kraken (Shoals:4)
  A tengu reaver (Vaults:4)
  A storm dragon (Vaults:4)
  8 nagarajas
  A frost giant (IceCv)
  13 vault wardens
  4 ironheart preservers
  2 stone giants
  A dire elephant (D:15)
  2 deep elf demonologists
  The ghost of grindst0ne the Grappler, a journeyman TrMo of Cheibriados (Lair:3)
  2 deep elf annihilators (Vaults:3)
  A crystal guardian (Vaults:4)
  5 merfolk javelineers
  Josephine (D:11)
  Harold (Lair:3)
  A great orb of eyes (Vaults:3)
  4 fire dragons
  5 merfolk impalers
  A yaktaur captain (Vaults:4)
  10 naga warriors
  6 vault guards
  7 hydras
  19 anacondas
  2 rakshasas (Vaults:3)
  7 centaur warriors
  Erica (Lair:2)
  4 merfolk avatars
  2 death knights
  23 two-headed ogres
  A catoblepas (Lair:3)
  4 merfolk aquamancers
  7 ogre magi
  4 satyrs
  A deep troll earth mage (Vaults:1)
  Urug (D:11)
  8 shock serpents
  3 orc high priests (Orc:2)
  11 naga sharpshooters
  2 skeletal warriors (Vaults:2)
  5 deep elf knights
  A soul eater (D:15)
  3 sixfirhies
  A shadow wraith (Vaults:3)
  2 hell knights (D:15)
  A deep troll (Vaults:3)
  9 salamander mystics
  3 unseen horrors
  A glowing orange brain (Vaults:3)
  3 wizards
  4 deep elf archers
  An unseen horror (shapeshifter) (Vaults:1)
  7 naga ritualists
  3 obsidian statues
  7 sea snakes
  A lindwurm (Snake:4)
  11 ironbrand convokers
  8 deep elf magi
  9 orc knights
  13 ugly things
  3 orc sorcerers (Orc:2)
  2 tengu skeletons (Vaults:2)
  19 mana vipers
  27 harpies
  4 oklob plants
  2 wolf spiders
  14 fauns
  A mana viper (shapeshifter) (Vaults:4)
  7 cyclopes
  2 sphinx skeletons (Vaults:2)
  A fire giant skeleton (Vaults:2)
  6 manticores
  11 salamanders
  4 centaur zombies
  9 vault sentinels
  3 stone giant skeletons (Vaults:2)
  52 black mambas
  5 water nymphs
  7 merfolk sirens
  A smoke demon (D:15)
  A gargoyle (D:15)
  A guardian serpent (shapeshifter) (Vaults:4)
  5 guardian serpents
  2 human skeletons (Vaults:2)
  A torpor snail (Lair:6)
  2 orange demons (D:15)
  17 naga magi
  3 rime drakes
  11 spiny frogs
  A yaktaur (shapeshifter) (Vaults:4)
  9 komodo dragons
  6 freezing wraiths
  2 hellwings (D:15)
  A yaktaur skeleton (Vaults:2)
  24 yaktaurs
  35 merfolk
  2 trolls
  2 meliai (Lair:4)
  11 polar bears
  3 wind drakes
  3 hornets
  11 blink frogs
  11 slime creatures
  12 hippogriffs
  5 dream sheep
  4 snapping turtles
  Sigmund (D:4)
  2 wyverns
  A shadow (D:15)
  7 spriggans
  An ettin skeleton (Vaults:2)
  13 water elementals
  Eustachio (D:6)
  A tarantella (shapeshifter) (Vaults:4)
  A ynoxinul (D:15)
  A redback (shapeshifter) (Vaults:3)
  6 wraiths
  2 vampires
  46 yaks
  3 basilisks
  2 hungry ghosts
  The ghost of Alarkh the Slasher, an amateur DsFi (Sewer)
  Grum (D:8)
  2 vampire mosquitoes
  46 nagas
  3 wargs
  18 water moccasins
  2 acid dragons
  9 porcupines
  3 sky beasts
  32 orc warriors
  9 ice beasts
  7 black bears
  4 phantoms
  3 necrophages
  An eye of draining (D:13)
  26 ogres
  7 boggarts
  An elf skeleton (Vaults:2)
  23 centaurs
  26 wolves
  13 crocodiles
  21 bullfrogs
  3 big kobolds
  2 gnoll sergeants
  4 wyvern skeletons
  8 scorpions
  20 killer bees
  10 howler monkeys
  17 wights
  An electric eel (Lair:3)
  5 crimson imps
  3 bullfrog zombies
  6 centaur skeletons
  6 jellies
  3 hounds
  3 bullfrog skeletons
  20 orc priests
  3 iguanas
  24 orc wizards
  14 worker ants
  A killer bee zombie (D:5)
  2 hound zombies
  2 hound skeletons (D:4)
  A worker ant zombie (D:7)
  23 gnolls
  17 adders
  A river rat (shapeshifter) (Vaults:4)
  6 river rats (Sewer)
  3 shadow imps
  2 white imps (Lair:6)
  7 oozes
  2 adder zombies
  4 worms
  2 dart slugs
  9 leopard geckos
  122 orcs
  8 giant cockroaches
  11 goblins
  7 hobgoblins
  12 jackals
  3 quokkas
  8 ball pythons
  6 bats
  12 frilled lizards
  23 kobolds
  A quokka zombie (D:9)
  22 rats
  12 plants
  2 tentacles (Shoals:4)
1474 creatures vanquished.

Vanquished Creatures (collateral kills)
  Nikola (Vaults:3)
  Ilsuiw (Shoals:4)
  4 nagarajas (Snake:4)
  A frost giant (Vaults:3)
  A vault warden (Vaults:4)
  An orc warlord (Orc:2)
  6 ironheart preservers
  2 entropy weavers (Vaults:4)
  A merfolk javelineer (Shoals:4)
  An ettin (Orc:2)
  The ghost of Armakuni the Purifying Human, a journeyman HuMo of Elyvilon (Orc:1)
  2 merfolk impalers
  2 yaktaur captains
  7 naga warriors
  9 vault guards
  7 two-headed ogres
  An ice dragon (Lair:6)
  3 anacondas
  A death knight (Vaults:2)
  2 merfolk aquamancers
  5 centaur warriors
  2 hydras
  2 ogre magi
  A deep troll earth mage (Vaults:1)
  2 orc high priests (Orc:2)
  5 naga sharpshooters
  3 hell knights (D:15)
  A soul eater (D:15)
  4 skeletal warriors (Vaults:2)
  6 naga ritualists
  A glowing orange brain (Vaults:1)
  5 salamander mystics
  3 sea snakes
  An unseen horror (D:13)
  A flayed ghost (Vaults:4)
  A swamp dragon (shapeshifter) (D:14)
  4 deep trolls
  4 deep elf archers
  A wizard (D:15)
  2 harpies
  3 mana vipers
  6 lindwurms
  4 ironbrand convokers
  3 deep elf magi
  5 orc knights
  2 orc sorcerers (Orc:2)
  2 oklob plants
  3 fauns
  4 cyclopes
  11 salamanders
  6 manticores
  4 guardian serpents (Snake:4)
  3 merfolk sirens
  Maurice (D:12)
  A stone giant skeleton (Vaults:2)
  10 black mambas
  4 vault sentinels
  20 naga magi
  An ice statue (IceCv)
  2 human skeletons (Vaults:2)
  A rust devil (D:15)
  3 water nymphs
  3 spiny frogs
  A centaur skeleton (D:14)
  4 freezing wraiths
  4 yaktaurs
  4 ice devils (D:15)
  A queen bee (Lair:4)
  A meliai (Lair:4)
  6 trolls
  5 merfolk
  A merfolk (shapeshifter) (Vaults:2)
  9 polar bears
  3 hornets (Lair:6)
  3 blink frogs
  3 slime creatures
  2 hippogriffs
  4 dream sheep
  A human simulacrum (Vaults:2)
  A centaur simulacrum (D:15)
  3 snapping turtles
  7 spriggans (Lair:6)
  19 yaks
  A water elemental (Shoals:1)
  4 wraiths
  A basilisk (Lair:4)
  2 hungry ghosts (D:15)
  3 vampire mosquitoes
  2 wargs (Orc:2)
  21 nagas
  A porcupine (Lair:5)
  2 water moccasins
  29 orc warriors
  5 ice beasts (D:12)
  A black bear (Lair:6)
  An ice dragon simulacrum (Vaults:1)
  13 ogres
  2 phantoms
  11 wolves
  2 crocodiles
  2 centaurs
  6 killer bees (Lair:4)
  2 wights (D:13)
  4 orc priests
  7 orc wizards
  A worker ant (D:13)
  A gnoll (Orc:2)
  7 orcs
  2 fungi
425 creatures vanquished.

Vanquished Creatures (others)
  A harpy (Shoals:4)
  A naga (Snake:4)
  A quokka (D:11)
  34 fungi
  26 plants
  4 tentacles (Shoals:4)
67 creatures vanquished.

Grand Total: 1966 creatures vanquished

Notes
Turn   | Place    | Note
-------+----------+-------------------------------------------
     0 | D:1      | Gorice the Tengu Air Elementalist began the quest for the Orb.
     0 | D:1      | Reached XP level 1. HP: 10/10 MP: 4/4
     1 | D:1      | Noticed an electric eel
   112 | D:1      | Reached skill level 2 in Conjurations
   112 | D:1      | Reached XP level 2. HP: 8/15 MP: 0/6
   447 | D:1      | Reached skill level 3 in Conjurations
   591 | D:1      | Reached XP level 3. HP: 19/19 MP: 2/7
  1141 | D:1      | Learned a level 2 spell: Swiftness
  1407 | D:2      | Reached skill level 4 in Conjurations
  1496 | D:2      | Reached XP level 4. HP: 24/24 MP: 1/8
  2337 | D:3      | Upgraded the game from 0.21-a0-1-gaf3b9a5 to 0.21-a0-2-ge494091
  2431 | D:3      | Reached skill level 5 in Conjurations
  2431 | D:3      | Reached skill level 5 in Air Magic
  2431 | D:3      | Gained mutation: You can fly. [Tengu growth]
  2431 | D:3      | Reached XP level 5. HP: 22/28 MP: 2/9
  2555 | D:3      | Found a deep blue altar of Sif Muna.
  2585 | D:3      | Reached skill level 6 in Conjurations
  2595 | D:3      | Identified Sif Muna's Guide on Confrontation
  2605 | D:3      | Became a worshipper of Sif Muna the Loreminder
  2784 | D:3      | Learned a level 3 spell: Static Discharge
  2941 | D:3      | Reached XP level 6. HP: 19/32 MP: 5/10
  3136 | D:3      | HP: 1/32 [orc wizard/puff of frost (11)]
  3142 | D:3      | Reached skill level 6 in Air Magic
  3150 | D:3      | Reached skill level 7 in Conjurations
  3389 | D:3      | Found an iron altar of Okawaru.
  3418 | D:3      | Found a sparkling altar of Nemelex Xobeh.
  3441 | D:3      | Reached * piety under Sif Muna
  3529 | D:3      | Found a glowing silver altar of Zin.
  3618 | D:3      | Found a radiant altar of Vehumet.
  3768 | D:4      | Noticed a hippogriff
  3934 | D:4      | Found Visalosm's Distillery.
  3990 | D:4      | Bought a potion of heal wounds for 70 gold pieces
  4122 | D:4      | Found a snail-covered altar of Cheibriados.
  4245 | D:4      | Noticed Sigmund
  4291 | D:3      | Reached XP level 7. HP: 34/36 MP: 8/11
  4334 | D:3      | Learned a level 4 spell: Airstrike
  4468 | D:4      | Reached skill level 7 in Air Magic
  5074 | D:4      | HP: 9/36 [Sigmund/scythe of slicing (2)]
  5075 | D:4      | Killed Sigmund
  5075 | D:4      | Reached skill level 8 in Air Magic
  5331 | D:4      | Reached skill level 3 in Spellcasting
  5331 | D:4      | Reached skill level 8 in Conjurations
  5413 | D:4      | Reached XP level 8. HP: 37/41 MP: 1/13
  5554 | D:4      | Killed a hippogriff
  5554 | D:4      | Reached ** piety under Sif Muna
  5808 | D:4      | Reached skill level 9 in Air Magic
  5954 | D:4      | Bought a potion of berserk rage for 70 gold pieces
  5954 | D:4      | Bought a potion of brilliance for 56 gold pieces
  5957 | D:5      | Entered Level 5 of the Dungeon
  6524 | D:5      | HP: 5/41 [wyvern skeleton (12)]
  6727 | D:5      | Reached skill level 4 in Spellcasting
  6727 | D:5      | Reached skill level 10 in Air Magic
  6734 | D:5      | Learned a level 5 spell: Lightning Bolt
  6770 | D:5      | Reached skill level 9 in Conjurations
  7054 | D:5      | Reached *** piety under Sif Muna
  7062 | D:5      | Reached XP level 9. HP: 35/45 MP: 1/16
  7553 | D:5      | Found a bloodstained altar of Trog.
  7652 | D:4      | Bought a potion of curing for 42 gold pieces
  7652 | D:4      | Bought a potion of lignification for 42 gold pieces
  7738 | D:6      | Found an ancient bone altar of Kikubaaqudgha.
  7770 | D:6      | Found a glowing drain.
  7811 | Sewer    | Entered a sewer
  7934 | Sewer    | Noticed Alarkh's ghost (amateur DsFi)
  8246 | Sewer    | Killed Alarkh's ghost
  8246 | Sewer    | Reached skill level 5 in Spellcasting
  8246 | Sewer    | Reached skill level 10 in Conjurations
  8432 | D:6      | Noticed a two-headed ogre
  8445 | D:6      | Killed a two-headed ogre
  8445 | D:6      | Reached **** piety under Sif Muna
  8445 | D:6      | Reached skill level 11 in Air Magic
  8565 | D:6      | Noticed Eustachio
  8584 | D:6      | Killed Eustachio
  8584 | D:6      | Reached skill level 1 in Fighting
  8838 | D:6      | Found a shadowy altar of Dithmenos.
  9009 | D:6      | Reached skill level 6 in Spellcasting
  9010 | D:6      | Found an opulent altar of Gozag.
  9011 | D:6      | Found a shimmering altar of Xom.
  9013 | D:6      | Found a hide-covered altar of Uskayaw.
  9018 | D:6      | Found a sacrificial altar of Ru.
  9018 | D:6      | Found a glowing golden altar of the Shining One.
  9028 | D:6      | Found a hazy altar of Hepliaklqana.
  9030 | D:6      | Found a blossoming altar of Fedhas.
  9199 | D:6      | Learned a level 4 spell: Summon Lightning Spire
  9206 | D:6      | Found Cost's Magic Scroll Boutique.
  9209 | D:6      | Bought a scroll of identify for 26 gold pieces
  9209 | D:6      | Bought a scroll of identify for 26 gold pieces
  9209 | D:6      | Bought a scroll of identify for 26 gold pieces
  9511 | D:7      | HP: 14/48 [orc/hand axe (1)]
  9752 | D:6      | Reached skill level 11 in Conjurations
  9770 | D:6      | Reached skill level 2 in Fighting
  9770 | D:6      | Reached XP level 10. HP: 37/53 MP: 1/20
 10135 | D:7      | Found a staircase to the Ecumenical Temple.
 10141 | Temple   | Entered the Ecumenical Temple
 10422 | D:7      | Reached skill level 3 in Dodging
 10454 | D:7      | Reached skill level 3 in Fighting
 11167 | D:8      | Noticed a two-headed ogre
 11171 | D:8      | Killed a two-headed ogre
 11171 | D:8      | Reached skill level 4 in Fighting
 11171 | D:8      | Reached skill level 4 in Dodging
 11171 | D:8      | Reached skill level 7 in Spellcasting
 11288 | D:8      | Noticed a two-headed ogre
 11332 | D:8      | Killed a two-headed ogre
 11332 | D:8      | Reached skill level 5 in Dodging
 11432 | D:8      | Found a flagged portal.
 11440 | Bailey   | Entered a bailey
 11671 | Bailey   | Reached skill level 5 in Fighting
 11951 | Bailey   | Reached ***** piety under Sif Muna
 12007 | Bailey   | Received a gift from Sif Muna
 12154 | Bailey   | Noticed an orc knight
 12180 | Bailey   | Killed an orc knight
 12180 | Bailey   | Reached skill level 6 in Dodging
 12180 | Bailey   | Reached XP level 11. HP: 64/64 MP: 12/23
 12236 | Bailey   | Noticed an orc knight
 12284 | Bailey   | Killed an orc knight
 12284 | Bailey   | Reached skill level 6 in Fighting
 12284 | Bailey   | Reached skill level 8 in Spellcasting
 12408 | Bailey   | Noticed an orc knight
 12434 | Bailey   | Killed an orc knight
 12666 | Bailey   | Noticed an orc knight
 12692 | Bailey   | Killed an orc knight
 12692 | Bailey   | Reached skill level 7 in Dodging
 12857 | D:8      | Noticed Grum
 12862 | D:8      | Killed Grum
 14200 | D:8      | Reached skill level 7 in Fighting
 14513 | D:9      | Noticed a two-headed ogre
 14560 | D:8      | HP: 8/67 [two-headed ogre/giant club (26)]
 14580 | D:8      | HP: 4/67 [two-headed ogre/giant club (8)]
 15516 | D:9      | Found a stormy altar of Qazlal.
 15645 | D:9      | Reached skill level 8 in Dodging
 15685 | D:9      | Found a staircase to the Orcish Mines.
 15948 | D:9      | Reached skill level 9 in Spellcasting
 16202 | D:9      | Noticed a two-headed ogre
 16220 | D:9      | Killed a two-headed ogre
 16585 | D:10     | Entered Level 10 of the Dungeon
 17012 | D:10     | Reached XP level 12. HP: 73/73 MP: 17/26
 17020 | D:10     | Reached skill level 8 in Fighting
 17554 | D:9      | Reached skill level 9 in Dodging
 18112 | D:10     | Noticed a two-headed ogre
 18181 | D:10     | Got a pitted leather armour
 18249 | D:10     | Killed a two-headed ogre
 18326 | D:10     | Reached skill level 12 in Dodging
 18326 | D:10     | Reached XP level 13. HP: 78/78 MP: 27/27
 18465 | D:11     | Got a dazzling trident
 19049 | D:11     | HP: 17/79 [eight-headed hydra (14)]
 19153 | D:11     | Noticed Josephine
 19154 | D:11     | Noticed Urug
 19710 | D:11     | Killed Urug
 19710 | D:11     | Reached skill level 9 in Fighting
 19710 | D:11     | Reached skill level 10 in Spellcasting
 20099 | D:11     | Reached skill level 13 in Dodging
 20762 | D:11     | Killed Josephine
 20781 | D:11     | Identified Sif Muna's Papyrus of the Earthen Arsonist (Sif Muna gifted it to you on level 11 of the Dungeon)
 20781 | D:11     | Received a gift from Sif Muna
 20943 | D:11     | Found a white marble altar of Elyvilon.
 21120 | D:11     | Found a staircase to the Lair.
 21453 | Lair:1   | Entered Level 1 of the Lair of Beasts
 21644 | Lair:1   | Got a distressingly furry chain mail
 22495 | Lair:1   | Found a shimmering altar of Xom.
 23076 | Lair:2   | Reached skill level 10 in Fighting
 23108 | Lair:2   | Got a faintly glowing chain mail
 23320 | Lair:2   | Noticed Erica
 23363 | Lair:2   | HP: 16/82 [Erica/orb of energy (12)]
 23364 | Lair:2   | Killed Erica
 23369 | Lair:2   | HP: 14/82 [poisoned by Erica (bolt of poison)]
 23375 | Lair:2   | HP: 12/82 [poisoned by Erica (bolt of poison)]
 23382 | Lair:2   | HP: 12/82 [poisoned by Erica (bolt of poison)]
 23390 | Lair:2   | HP: 12/82 [poisoned by Erica (bolt of poison)]
 24377 | Lair:2   | Gained mutation: You can fly continuously. [Tengu growth]
 24377 | Lair:2   | Reached XP level 14. HP: 88/88 MP: 0/29
 25144 | Lair:2   | Reached skill level 11 in Spellcasting
 25653 | Lair:3   | Noticed Harold
 25695 | Lair:3   | Killed Harold
 25838 | Lair:3   | Reached skill level 14 in Dodging
 25907 | Lair:3   | Noticed grindst0ne's ghost (journeyman TrMo)
 26564 | Lair:3   | Found a staircase to the Shoals.
 26868 | Lair:3   | Reached skill level 12 in Air Magic
 27621 | Lair:3   | Killed grindst0ne's ghost
 27789 | Lair:3   | Reached skill level 11 in Fighting
 27973 | Lair:3   | Identified Sif Muna's Tome of Weightlessness and Snow (Sif Muna gifted it to you on level 3 of the Lair of Beasts)
 27973 | Lair:3   | Received a gift from Sif Muna
 28988 | Lair:3   | Upgraded the game from 0.21-a0-2-ge494091 to 0.21-a0-33-g8b44e26
 28988 | Lair:3   | Upgraded the game from 0.21-a0-33-g8b44e26 to 0.21-a0-37-g7dc85f4
 28988 | Lair:3   | Upgraded the game from 0.21-a0-37-g7dc85f4 to 0.21-a0-41-g5e91fef
 28988 | Lair:3   | Upgraded the game from 0.21-a0-41-g5e91fef to 0.21-a0-42-gb537e02
 28988 | Lair:3   | Upgraded the game from 0.21-a0-42-gb537e02 to 0.21-a0-88-g13b9641
 29150 | Lair:4   | Found a staircase to the Snake Pit.
 31648 | Lair:6   | Entered Level 6 of the Lair of Beasts
 31808 | Lair:6   | Reached skill level 13 in Air Magic
 32904 | Lair:6   | Upgraded the game from 0.21-a0-88-g13b9641 to 0.21-a0-91-ga5031da
 33045 | Lair:6   | Reached skill level 15 in Dodging
 33124 | Lair:6   | Reached skill level 12 in Fighting
 33486 | Lair:6   | Reached XP level 15. HP: 96/96 MP: 24/31
 34071 | Lair:6   | Found a runed door.
 34071 | Lair:6   | Found a viscous altar of Jiyva.
 34072 | Lair:6   | Found a staircase to the Slime Pits.
 34664 | Lair:6   | Reached skill level 14 in Air Magic
 34675 | Lair:6   | Identified Sif Muna's Papyrus of Flames (Sif Muna gifted it to you on level 6 of the Lair of Beasts)
 34675 | Lair:6   | Received a gift from Sif Muna
 35360 | Lair:1   | Learned a level 3 spell: Conjure Flame
 35365 | Lair:1   | Learned a level 4 spell: Sticky Flame
 35535 | D:12     | Found a frozen archway.
 35653 | IceCv    | Entered an ice cave
 36322 | IceCv    | Noticed a frost giant
 36515 | IceCv    | Killed a frost giant
 36600 | IceCv    | Got a warped battleaxe {pain}
 36975 | D:12     | Noticed Maurice
 36988 | D:12     | Killed Maurice
 37851 | D:13     | Reached skill level 13 in Fighting
 38045 | D:13     | Found a shimmering altar of Xom.
 38425 | D:13     | Reached skill level 16 in Dodging
 38597 | D:13     | Identified Sif Muna's Catalogue of Enthralling Sinister Rites (Sif Muna gifted it to you on level 13 of the Dungeon)
 38597 | D:13     | Received a gift from Sif Muna
 38889 | D:13     | Found a gate to the Vaults.
 39372 | D:14     | Found an iron altar of Okawaru.
 40961 | D:14     | Reached skill level 12 in Conjurations
 41208 | D:14     | Got an ichor-stained hat
 41209 | D:14     | Identified the +0 hat of the Thunderstorm {rF+ rC+++ Str-3 Int+10} (You found it on level 14 of the Dungeon)
 41420 | D:14     | Got a bronze leather armour
 41490 | D:15     | Entered Level 15 of the Dungeon
 41688 | D:15     | Reached XP level 16. HP: 85/104 MP: 32/32
 41789 | D:15     | Reached skill level 12 in Spellcasting
 41860 | D:15     | Found a burning altar of Makhleb.
 42277 | Lair:1   | Learned a level 3 spell: Regeneration
 42394 | Orc:1    | Entered Level 1 of the Orcish Mines
 42591 | Orc:1    | Found a bloodstained altar of Trog.
 42714 | Orc:2    | Entered Level 2 of the Orcish Mines
 42804 | Orc:2    | Identified Sif Muna's Tome of Scorching Stones (Sif Muna gifted it to you on level 2 of the Orcish Mines)
 42804 | Orc:2    | Received a gift from Sif Muna
 42835 | Orc:2    | Found Utearche's Antique Weapon Boutique.
 42936 | Orc:2    | Found Avvaitt's Jewellery Shop.
 42947 | Orc:2    | Found a staircase to the Elven Halls.
 43594 | Orc:2    | Found Jamumell's General Store.
 44039 | Orc:2    | Paralysed by an orc sorcerer for 4 turns
 44502 | Orc:2    | Reached skill level 13 in Conjurations
 44602 | Orc:2    | Found Hyuwet's Antique Armour Emporium.
 44724 | Orc:2    | Bought a runed buckler for 150 gold pieces
 44752 | Orc:2    | Bought the ring "Raras" {rElec rC+ rN+ Stlth+} for 597 gold pieces
 44752 | Orc:2    | Bought the ring "Viawu" {rF+ rC+ rN+} for 574 gold pieces
 44948 | Orc:1    | Noticed Armakuni's ghost (journeyman HuMo)
 44960 | Orc:1    | Killed Armakuni's ghost
 44974 | Orc:1    | Found Sividgh's Gadget Boutique.
 45290 | D:15     | Reached skill level 1 in Shields
 45686 | D:15     | Reached skill level 2 in Shields
 45948 | D:15     | Identified Sif Muna's Disquisition on Unholy Secrets (Sif Muna gifted it to you on level 15 of the Dungeon)
 45948 | D:15     | Received a gift from Sif Muna
 46814 | D:15     | Got a scintillating lead ring
 46910 | D:15     | Found a staircase to the Depths.
 46958 | D:15     | Reached skill level 3 in Shields
 47981 | D:14     | Reached skill level 14 in Conjurations
 48250 | D:15     | Reached skill level 4 in Shields
 48563 | D:15     | Reached skill level 13 in Spellcasting
 48922 | D:15     | Reached skill level 1 in Invocations
 49231 | D:15     | Reached skill level 14 in Fighting
 49617 | D:15     | Reached skill level 2 in Invocations
 49900 | D:15     | Found a burning altar of Makhleb.
 50704 | Snake:1  | Entered Level 1 of the Snake Pit
 50787 | Snake:1  | Reached skill level 3 in Invocations
 51232 | Snake:1  | Noticed Rupert
 51238 | Snake:1  | Reached XP level 17. HP: 101/111 MP: 25/35
 51653 | Snake:1  | Killed Rupert
 51653 | Snake:1  | Reached skill level 4 in Invocations
 52563 | Snake:2  | Reached skill level 5 in Invocations
 52814 | Snake:2  | Identified the ring of Pessimism {Str+2 Dex+6 Stlth+} (You found it on level 15 of the Dungeon)
 52851 | Snake:2  | Identified Sif Muna's Grimoire of Combat Magic and Feathers (Sif Muna gifted it to you on level 2 of the Snake Pit)
 52851 | Snake:2  | Received a gift from Sif Muna
 52860 | Snake:2  | Learned a level 6 spell: Deflect Missiles
 53726 | Snake:2  | Reached skill level 15 in Fighting
 53913 | Snake:2  | Reached skill level 6 in Invocations
 54406 | Snake:2  | Got a jewelled scale mail
 55146 | Snake:3  | Reached skill level 7 in Invocations
 55444 | Snake:3  | Reached skill level 15 in Air Magic
 56825 | Snake:3  | Reached skill level 8 in Invocations
 57310 | Lair:4   | Learned a level 6 spell: Freezing Cloud
 57667 | Snake:1  | Reached XP level 18. HP: 62/119 MP: 1/36
 58055 | Snake:3  | Reached skill level 16 in Air Magic
 58239 | Snake:4  | Entered Level 4 of the Snake Pit
 58548 | Snake:4  | Reached skill level 9 in Invocations
 58821 | Snake:4  | Identified Sif Muna's Grimoire of Frigorific Malediction (Sif Muna gifted it to you on level 4 of the Snake Pit)
 58821 | Snake:4  | Received a gift from Sif Muna
 59066 | Snake:4  | HP: 35/119 [poisoned by a naga ritualist (toxic radiance)]
 59071 | Snake:4  | HP: 27/119 [poisoned by a naga ritualist (toxic radiance)]
 59076 | Snake:4  | HP: 23/119 [poisoned by a naga ritualist (toxic radiance)]
 59081 | Snake:4  | HP: 19/119 [poisoned by a naga ritualist (toxic radiance)]
 59086 | Snake:4  | HP: 18/119 [poisoned by a naga ritualist (toxic radiance)]
 59093 | Snake:4  | HP: 17/119 [poisoned by a naga ritualist (toxic radiance)]
 59101 | Snake:4  | HP: 17/119 [poisoned by a naga ritualist (toxic radiance)]
 59109 | Snake:4  | HP: 17/119 [poisoned by a naga ritualist (toxic radiance)]
 60512 | Snake:4  | Reached skill level 17 in Air Magic
 61231 | Snake:4  | Reached skill level 10 in Invocations
 61338 | Snake:4  | Reached skill level 1 in Long Blades
 61478 | Snake:4  | Reached skill level 2 in Long Blades
 61821 | Snake:4  | Reached skill level 3 in Long Blades
 62292 | Snake:4  | Reached skill level 4 in Long Blades
 62503 | Snake:4  | Reached skill level 18 in Air Magic
 62921 | Snake:4  | Reached skill level 5 in Long Blades
 63013 | Snake:4  | Identified Sif Muna's Compendium of Lucky Flight (Sif Muna gifted it to you on level 4 of the Snake Pit)
 63013 | Snake:4  | Received a gift from Sif Muna
 63650 | Snake:4  | Reached skill level 6 in Long Blades
 63715 | Snake:4  | HP: 27/119 [shock serpent/electric aura (11)]
 63716 | Snake:4  | Reached XP level 19. HP: 20/124 MP: 13/37
 63964 | Snake:4  | Reached skill level 7 in Long Blades
 63977 | Snake:4  | Got a serpentine rune of Zot
 64175 | Snake:4  | Reached skill level 15 in Conjurations
 65087 | Shoals:1 | Entered Level 1 of the Shoals
 65232 | Shoals:1 | Found a radiant altar of Vehumet.
 65506 | Shoals:1 | Reached skill level 8 in Long Blades
 67066 | Shoals:3 | Noticed asdu's ghost (adept HuHu)
 67275 | Shoals:3 | Identified Sif Muna's Disquisition on Conjuration (Sif Muna gifted it to you on level 3 of the Shoals)
 67275 | Shoals:3 | Received a gift from Sif Muna
 67559 | Shoals:3 | Reached skill level 16 in Conjurations
 67823 | Shoals:3 | Killed asdu's ghost
 68731 | Shoals:4 | Entered Level 4 of the Shoals
 69191 | Shoals:4 | Noticed Ilsuiw
 69440 | Shoals:3 | Identified Tamiok's Reference Book on Air (Sif Muna gifted it to you on level 3 of the Shoals)
 69440 | Shoals:3 | Received a gift from Sif Muna
 69596 | Shoals:4 | Killed Ilsuiw
 69753 | Shoals:4 | Reached skill level 14 in Spellcasting
 69844 | Shoals:4 | Reached skill level 17 in Conjurations
 69923 | Shoals:4 | Got a brightly glowing robe
 70780 | Shoals:4 | Upgraded the game from 0.21-a0-91-ga5031da to 0.21-a0-94-gdd6ab6a
 70780 | Shoals:4 | Reached XP level 20. HP: 78/129 MP: 5/39
 70916 | Shoals:4 | Got a barnacled rune of Zot
 71951 | Shoals:4 | Reached skill level 18 in Conjurations
 72080 | Shoals:4 | Identified Vascham's Disquisition on Combat Magic (Sif Muna gifted it to you on level 4 of the Shoals)
 72080 | Shoals:4 | Received a gift from Sif Muna
 72384 | Lair:3   | Identified the +1 robe of Exet {-Tele *Drain rF+++ rC+} (You took it off a merfolk siren on level 4 of the Shoals)
 72937 | Vaults:1 | Entered Level 1 of the Vaults
 73541 | Vaults:1 | Reached skill level 15 in Spellcasting
 74339 | Vaults:1 | Noticed Asterion
 74349 | Vaults:1 | Killed Asterion
 74508 | Vaults:1 | Identified Sif Muna's Almanac of the Supportive Snowflakes (Sif Muna gifted it to you on level 1 of the Vaults)
 74508 | Vaults:1 | Received a gift from Sif Muna
 74962 | Vaults:2 | Reached skill level 19 in Air Magic
 76524 | Vaults:2 | Found a staircase to the Crypt.
 76658 | Vaults:2 | Received a gift from Sif Muna
 76915 | Vaults:2 | Reached XP level 21. HP: 134/134 MP: 15/41
 76943 | Vaults:2 | Reached skill level 16 in Spellcasting
 77424 | Vaults:3 | Noticed Jory
 77435 | Vaults:3 | Killed Jory
 77435 | Vaults:3 | Reached skill level 20 in Air Magic
 77777 | Vaults:3 | Noticed Nikola
 79159 | Vaults:3 | Received a gift from Sif Muna
 79601 | Vaults:3 | Noticed Saint Roka
 79727 | Vaults:3 | Killed Saint Roka
 79877 | Vaults:3 | Noticed Mara
 79882 | Vaults:3 | Killed Mara
 80260 | Vaults:3 | Reached skill level 21 in Air Magic
 80424 | Vaults:3 | Killed Nikola
 81395 | Vaults:4 | Reached skill level 17 in Spellcasting
 81777 | Vaults:4 | Identified Sif Muna's Disquisition on Dusty Weightlessness (Sif Muna gifted it to you on level 4 of the Vaults)
 81777 | Vaults:4 | Received a gift from Sif Muna
 82041 | Vaults:4 | Noticed Xtahua
 82135 | Vaults:4 | Killed Xtahua
 82875 | Vaults:4 | Reached XP level 22. HP: 140/140 MP: 3/44
 83095 | Vaults:4 | HP: 41/140 [tentacled monstrosity (8)]
 83096 | Vaults:4 | Identified Sif Muna's Handbook of the Floating Mountains (Sif Muna gifted it to you on level 4 of the Vaults)
 83096 | Vaults:4 | Received a gift from Sif Muna
 83096 | Vaults:4 | Reached skill level 22 in Air Magic
 83294 | Vaults:4 | HP: 34/140 [titan (17)]
 83297 | Vaults:4 | Killed from afar by a titan

Vault maps used:
D:1:      arrival_aquarium_a
D:2:      first_bread, serial_aquarium, aquarium_bridge_long_joined,
          aquarium_bridge_straight, aquarium_window_2, aquarium_window_fake,
          aquarium_view_2d, aquarium_view_2g
D:3:      nicolae_overflow_quartered_altars, led_sif_book
D:4:      serial_shops, nicolae_shop_statue_plus, corexii_shack,
          kennysheep_nondescript, hangedman_decor_opposing, cheibriados_altar_1,
          uniq_sigmund
D:5:      kennysheep_mini, kennysheep_small_square
D:6:      kiku_gazebo_pond_becter, grunt_temple_overflow_open,
          nicolae_dithmenos_shadow_blocks, gup_sewer_entry_pipe, serial_shops,
          nicolae_shop_behind_doors, uniq_eustachio
D:7:      minmay_temple_entry_fiery
D:8:      enter_bailey_1, serial_curves, eino_curves_04, eino_curves_03,
          hangedman_little_slice_of_home, uniq_grum
D:9:      grunt_qazlal_sundering, orc_0_dummy
D:11:     grunt_lair_entry_orc_guard_hut, elyvilon_altar_4, uniq_urug,
          uniq_josephine
D:12:     portal_ice_cave_entry_ice_beasts, uniq_maurice
D:13:     lightli_vaults_fourway_checkpoint, tgw_xom
D:14:     evilmike_iron_armoury
D:15:     hangedman_depths_entry_try_elsewhere_first,
          grunt_guarded_unrand_obsidian_axe
Temple:   corrupted_temple
Lair:1:   lemuel_centaur_altar, grunt_megastairs_1
Lair:2:   infiniplex_staircase_pool, lemuel_fruit_tree, uniq_erica
Lair:3:   minmay_shoals_entry_hut, minmay_lair_oklob_chamber,
          grunt_megastairs_2, uniq_harold
Lair:4:   minmay_snake_entry_six_corridors, special_room
Lair:5:   wad_woods_03
Lair:6:   minmay_lair_end_enchanted_forest, slime_altar_2, serial_bayou_pond_d,
          bobbens_ice_dragon_lair, grunt_megastairs_4
Shoals:1: lemuel_oklob_altar
Shoals:2: yaktaur_hedge
Shoals:4: shoals_end_hangedman, shoals_ilsuiw_ice
Snake:1:  uniq_rupert
Snake:3:  basic_stair_grate_trap
Snake:4:  snake_pit_salamanders_mu, grunt_ministairs_3, st_stairs_11
Orc:1:    serial_shops, nicolae_shop_waterfront, trog_hazing_becter
Orc:2:    grunt_orc_gardens, grunt_orc_garden, grunt_orc_garden,
          grunt_orc_garden, grunt_orc_garden, lab_entry_generic
Vaults:1: vaults_dpeg_spiral, nicolae_vaults_little_squares_4, v_misc_27,
          v_alt_pattern_5, grunt_vaults_funnel, nicolae_vaults_specimen_jars,
          v_alt_pattern_3, st_lattice, vaults_room_door_ring,
          grunt_vaults_twisty, nicolae_vaults_little_squares_1,
          ontoclasm_vaults_ligature, uniq_asterion
Vaults:2: minmay_crypt_entry_skeletal_spiral, v_misc_17, vaults_room_door_ring,
          ontoclasm_vaults_chip, nicolae_vaults_windows_and_doors_thing,
          vaults_room_fancy_cross, nicolae_vaults_statue_guard, v_rooms_2
Vaults:3: nicolae_vaults_network_quincunx, ontoclasm_vaults_fault,
          uniq_saint_roka, uniq_nikola, uniq_mara, uniq_jory
Vaults:4: nicolae_vaults_twisting_passages, nicolae_vaults_circle_grid_a,
          nicolae_vaults_little_ls, v_misc_2, dpeg_vaults_waves, v_pattern_1,
          ontoclasm_vaults_chip, v_misc_16, vaults_dpeg_encased_lava,
          v_alt_pattern_2, vaults_dpeg_doors, grunt_vaults_hallway_short,
          v_misc_30, uniq_xtahua
Sewer:    sewer_co_cracked_pipes
Bailey:   bailey_polearm_5, bailey
IceCv:    ice_cave_small_giant

Skill      XL: |  1  2  3  4  5  6  7  8  9 10 11 12 13 14 15 16 17 18 19 20 21 22 |
---------------+-------------------------------------------------------------------+-----
Conjurations   | 2 3 4 5 6 7 8 9 11 12 14 17 18 | 18.0
Air Magic      | 5 6 8 10 11 13 14 15 18 19 21 22 | 22.0
Spellcasting   | 3 4 6 7 9 10 11 13 14 15 17 | 17.5
Fighting       | 2 5 7 8 10 12 13 14 15 | 15.0
Dodging        | 6 8 12 13 15 16 | 16.0
Shields        | 4 |  4.0
Invocations    | 3 8 10 | 10.0
Long Blades    | 6 8 |  8.0
Stealth        | |  2.0

Action                   |  1- 3 |  4- 6 |  7- 9 | 10-12 | 13-15 | 16-18 | 19-21 | 22-24 || total
-------------------------+-------+-------+-------+-------+-------+-------+-------+-------++-------
Melee: Unarmed           |     1 |       |       |       |       |       |       |       ||     1
       Short sword       |     4 |    22 |    29 |       |       |       |       |       ||    55
       Kick              |       |     5 |    14 |    17 |   170 |   135 |   224 |    12 ||   577
       Peck              |       |     4 |     4 |    12 |   103 |    83 |   149 |    10 ||   365
       Falchion          |       |       |    14 |    42 |     6 |       |       |       ||    62
       Scimitar          |       |       |       |       |   295 |   269 |   401 |    30 ||   995
Throw: Tomahawk          |       |       |     3 |       |       |       |       |       ||     3
       Javelin           |       |       |       |       |       |       |     8 |       ||     8
 Cast: Shock             |    77 |   125 |   171 |   222 |   691 |   827 |   181 |       ||  2294
       Airstrike         |       |       |    44 |   134 |   339 |   232 |   213 |     1 ||   963
       Swiftness         |       |       |     1 |     2 |     2 |       |       |       ||     5
       Lightning Bolt    |       |       |     6 |    36 |    76 |    40 |    31 |     1 ||   190
       Static Discharge  |       |       |       |     9 |    48 |    64 |    24 |       ||   145
       Summon Lightning  |       |       |       |       |   114 |   170 |   167 |     2 ||   453
       Conjure Flame     |       |       |       |       |    43 |    83 |    45 |     5 ||   176
       Sticky Flame      |       |       |       |       |    11 |   110 |   107 |     7 ||   235
       Deflect Missiles  |       |       |       |       |       |     3 |     5 |       ||     8
       Freezing Cloud    |       |       |       |       |       |    13 |   142 |     4 ||   159
       Regeneration      |       |       |       |       |       |       |    12 |       ||    12
Invok: Divine Energy     |       |       |     3 |     3 |     1 |     6 |       |       ||    13
       Stop Divine Energ |       |       |     3 |     2 |     1 |     6 |       |       ||    12
       Channel Magic     |       |       |       |       |       |    15 |     2 |       ||    17
 Abil: Fly               |       |     1 |     1 |     1 |     2 |       |       |       ||     5
Evoke: Wand              |       |       |     1 |       |     3 |     1 |       |       ||     5
  Use: Scroll            |     6 |     7 |     8 |    10 |    11 |     2 |     5 |       ||    49
       Potion            |       |     2 |     2 |     1 |     2 |       |       |       ||     7
 Stab: Sleeping          |     1 |     2 |       |       |     7 |     3 |     5 |       ||    18
       Distracted        |       |       |     1 |     1 |       |     6 |     6 |       ||    14
  Eat: Chunk             |     3 |    10 |    25 |    40 |    71 |    38 |    62 |       ||   249
       Royal jelly       |       |       |     1 |     4 |     5 |     7 |     3 |       ||    20
       Meat ration       |       |       |       |       |     2 |     3 |       |       ||     5
       Fruit             |       |       |       |       |     2 |     1 |     1 |       ||     4
       Bread ration      |       |       |       |       |     1 |     1 |       |       ||     2
Armor: Robe              |    12 |    10 |    33 |    28 |    44 |    33 |    40 |     7 ||   207
Dodge: Dodged            |    14 |    22 |    88 |   161 |   631 |   682 |   843 |    50 ||  2491
       Deflected         |       |       |       |       |       |    21 |    55 |     2 ||    78
Block: Buckler           |       |       |       |       |       |   215 |   302 |    13 ||   530
       Rpst.: Falchion   |       |       |     5 |    42 |    18 |       |       |       ||    65
       Scimitar          |       |       |       |       |   157 |   156 |   133 |     2 ||   448

Table legend:
 A = Turns spent in this place as a percentage of turns spent in the entire game.
 B = Non-inter-level travel turns spent in this place as a percentage of non-inter-level travel turns spent in the entire game.
 C = Inter-level travel turns spent in this place as a percentage of turns spent in this place.
 D = Turns resting spent in this place as a percentage of non-inter-level travel turns spent in this place.
 E = Turns spent auto-exploring this place as a percentage of non-inter-level travel turns spent in this place.
 F = Non-inter-level travel turns spent in this place divided by the number of levels of this place that you've seen.
                   A       B       C       D       E      F
               +-------+-------+-------+-------+-------+----------------------
         Total | 100.0 | 100.0 |   0.5 |   6.2 |   2.8 | 771.5
       Dungeon |  33.1 |  33.0 |   0.6 |   7.1 |   3.8 | 662.3
        Temple |   0.0 |   0.0 |   9.1 |   0.0 |  80.0 |  10.0
          Lair |  13.9 |  13.8 |   0.8 |   7.0 |   3.8 | 693.8
        Shoals |  10.8 |  10.8 |   0.3 |   4.0 |   1.7 | 815.5
     Snake Pit |  16.1 |  16.1 |   0.4 |   8.0 |   2.6 | 1213.5
  Orcish Mines |   4.8 |   4.8 |   0.7 |   2.6 |   1.7 | 725.0
        Vaults |  16.5 |  16.5 |   0.3 |   5.0 |   1.7 | 1244.5
         Sewer |   1.0 |   1.1 |   0.0 |   2.2 |   1.3 | 316.0
        Bailey |   2.1 |   2.1 |   0.0 |   7.2 |   0.2 | 621.0
      Ice Cave |   1.7 |   1.7 |   0.0 |   4.2 |   0.8 | 500.0
               +-------+-------+-------+-------+-------+----------------------

Vault maps used:
D:1:      arrival_aquarium_a
D:2:      first_bread, serial_aquarium, aquarium_bridge_long_joined,
          aquarium_bridge_straight, aquarium_window_2, aquarium_window_fake,
          aquarium_view_2d, aquarium_view_2g
D:3:      nicolae_overflow_quartered_altars, led_sif_book
D:4:      serial_shops, nicolae_shop_statue_plus, corexii_shack,
          kennysheep_nondescript, hangedman_decor_opposing, cheibriados_altar_1,
          uniq_sigmund
D:5:      kennysheep_mini, kennysheep_small_square
D:6:      kiku_gazebo_pond_becter, grunt_temple_overflow_open,
          nicolae_dithmenos_shadow_blocks, gup_sewer_entry_pipe, serial_shops,
          nicolae_shop_behind_doors, uniq_eustachio
D:7:      minmay_temple_entry_fiery
D:8:      enter_bailey_1, serial_curves, eino_curves_04, eino_curves_03,
          hangedman_little_slice_of_home, uniq_grum
D:9:      grunt_qazlal_sundering, orc_0_dummy
D:11:     grunt_lair_entry_orc_guard_hut, elyvilon_altar_4, uniq_urug,
          uniq_josephine
D:12:     portal_ice_cave_entry_ice_beasts, uniq_maurice
D:13:     lightli_vaults_fourway_checkpoint, tgw_xom
D:14:     evilmike_iron_armoury
D:15:     hangedman_depths_entry_try_elsewhere_first,
          grunt_guarded_unrand_obsidian_axe
Temple:   corrupted_temple
Lair:1:   lemuel_centaur_altar, grunt_megastairs_1
Lair:2:   infiniplex_staircase_pool, lemuel_fruit_tree, uniq_erica
Lair:3:   minmay_shoals_entry_hut, minmay_lair_oklob_chamber,
          grunt_megastairs_2, uniq_harold
Lair:4:   minmay_snake_entry_six_corridors, special_room
Lair:5:   wad_woods_03
Lair:6:   minmay_lair_end_enchanted_forest, slime_altar_2, serial_bayou_pond_d,
          bobbens_ice_dragon_lair, grunt_megastairs_4
Shoals:1: lemuel_oklob_altar
Shoals:2: yaktaur_hedge
Shoals:4: shoals_end_hangedman, shoals_ilsuiw_ice
Snake:1:  uniq_rupert
Snake:3:  basic_stair_grate_trap
Snake:4:  snake_pit_salamanders_mu, grunt_ministairs_3, st_stairs_11
Orc:1:    serial_shops, nicolae_shop_waterfront, trog_hazing_becter
Orc:2:    grunt_orc_gardens, grunt_orc_garden, grunt_orc_garden,
          grunt_orc_garden, grunt_orc_garden, lab_entry_generic
Vaults:1: vaults_dpeg_spiral, nicolae_vaults_little_squares_4, v_misc_27,
          v_alt_pattern_5, grunt_vaults_funnel, nicolae_vaults_specimen_jars,
          v_alt_pattern_3, st_lattice, vaults_room_door_ring,
          grunt_vaults_twisty, nicolae_vaults_little_squares_1,
          ontoclasm_vaults_ligature, uniq_asterion
Vaults:2: minmay_crypt_entry_skeletal_spiral, v_misc_17, vaults_room_door_ring,
          ontoclasm_vaults_chip, nicolae_vaults_windows_and_doors_thing,
          vaults_room_fancy_cross, nicolae_vaults_statue_guard, v_rooms_2
Vaults:3: nicolae_vaults_network_quincunx, ontoclasm_vaults_fault,
          uniq_saint_roka, uniq_nikola, uniq_mara, uniq_jory
Vaults:4: nicolae_vaults_twisting_passages, nicolae_vaults_circle_grid_a,
          nicolae_vaults_little_ls, v_misc_2, dpeg_vaults_waves, v_pattern_1,
          ontoclasm_vaults_chip, v_misc_16, vaults_dpeg_encased_lava,
          v_alt_pattern_2, vaults_dpeg_doors, grunt_vaults_hallway_short,
          v_misc_30, uniq_xtahua
Sewer:    sewer_co_cracked_pipes
Bailey:   bailey_polearm_5, bailey
IceCv:    ice_cave_small_giant
